 Dungeon Crawl Stone Soup version 0.23.2 (webtiles) character file.

Game seed: 15641487539870380991

71 Blynxz the Chucker (level 4, 0/45 HPs)
             Began as an Ogre Hunter on Apr 19, 2019.
             Slain by a kobold
             ... wielding a +0 short sword of protection
              (1 damage)
             ... on level 3 of the Dungeon.
             The game lasted 00:08:35 (1508 turns).

Blynxz the Chucker (Ogre Hunter)                    Turns: 1508, Time: 00:08:36

Health: 0/45       AC:  3    Str: 16    XL:     4   Next: 24%
Magic:  4/4        EV: 10    Int: 12    God:
Gold:   35         SH:  0    Dex: 10    Spells: 3/3 levels left

rFire    . . .     SeeInvis .   p - +0 rapier
rCold    . . .     Gourm    .   (no shield)
rNeg     . . .     Faith    .   b - +0 robe
rPois    .         Spirit   .   (helmet restricted)
rElec    .         Reflect  .   (no cloak)
rCorr    .         Harm     +   (gloves unavailable)
MR       .....                  (boots unavailable)
Stlth    +.........             r - amulet of harm
HPRegen  0.15/turn              f - ring of wizardry
MPRegen  0.09/turn              (no ring)

@: no status effects
A: large, unfitting armour, tough skin 1
a: no special abilities


You were on level 3 of the Dungeon.
You were not hungry.

You visited 1 branch of the dungeon, and saw 3 of its levels.

You collected 35 gold pieces.

Inventory:

Hand Weapons
 a - a +0 short sword
 d - a +0 short sword
 k - a +0 dagger
 m - a +0 dagger
 o - a +0 long sword
 p - a +0 rapier (weapon)
 q - a +0 short sword
 s - a +0 club
 u - a +0 whip
Missiles
 e - 12 bolts
 l - 3 stones (quivered)
Armour
 b - a +0 robe (worn)
Jewellery
 f - a ring of wizardry (left hand)
 r - an amulet of harm (around neck)
Scrolls
 g - a scroll of noise {unknown}
 h - a scroll of remove curse {unknown}
 i - a scroll of random uselessness {unknown}
 j - 2 scrolls of identify {unknown}
 n - a scroll of teleportation {unknown}
Comestibles
 t - a ration


   Skills:
 + Level 3.1 Fighting
 + Level 0.5 Short Blades
 + Level 5.1 Throwing
 + Level 2.2 Dodging
 + Level 0.7 Stealth


You had 3 spell levels left.
You didn't know any spells.
Your spell library was empty.

Dungeon Overview and Level Annotations

Branches:
Dungeon (3/15)

Altars:

Annotations:
D:3 Natasha, Terence


Innate Abilities, Weirdness & Mutations

You are too large for most types of armour.
You have tough skin. (AC +1)


Message History

The goblin barely misses you.
Throwing (i - inventory)
l - 5 stones (quivered)
Press: ? - help, Shift-Dir - straight line, f/p - bat
Aim: a bat You throw a stone.
The stone barely misses the bat.
The bat hits you but does no damage.
The kobold hits you with a +0 short sword of protection.
* * * LOW HITPOINT WARNING * * *
Terence hits you from afar with a +0 trident.
* * * LOW HITPOINT WARNING * * *
The goblin closely misses you.
Natasha casts a spell.
Throwing (i - inventory)
l - 4 stones (quivered)
Press: ? - help, Shift-Dir - straight line, f/p - bat
Aim: a bat You throw a stone.
The stone closely misses the bat.
The frilled lizard hisses angrily.
The bat hits you but does no damage.
The kobold hits you with a +0 short sword of protection.
You die...

.. ...
.>.#######
.........
.#......#
#l..hr5<# ##
..##g.(.# ..
<<..#.@K##.#####
###(...b@.......
##...g.....$..
.....##########.
#####


You could see Terence, Natasha, a crimson imp, 2 goblins, a bat, a kobold, a
frilled lizard and a rat.

Vanquished Creatures
  2 adders (D:2)
  2 leopard geckos (D:2)
  8 bats (D:2)
  4 giant cockroaches (D:2)
  4 goblins
  7 hobgoblins
  3 jackals (D:2)
  9 kobolds
  A ball python (D:2)
  A frilled lizard (D:2)
  3 rats
44 creatures vanquished.

Notes
Turn   | Place    | Note
-------+----------+-------------------------------------------
     0 | D:1      | Blynxz the Ogre Hunter began the quest for the Orb.
     0 | D:1      | Reached XP level 1. HP: 22/22 MP: 1/1
   195 | D:1      | Reached XP level 2. HP: 21/29 MP: 2/2
   293 | D:2      | Reached XP level 3. HP: 27/36 MP: 3/3
   603 | D:2      | Reached skill level 5 in Throwing
   937 | D:2      | Reached XP level 4. HP: 29/45 MP: 4/4
  1497 | D:3      | Noticed Terence
  1504 | D:3      | Noticed Natasha
  1507 | D:3      | HP: 1/45 [Terence/+0 trident (3)]
  1508 | D:3      | Slain by a kobold

Skill      XL: |  1  2  3 |
---------------+----------+-----
Fighting       | 3 |  3.1
Throwing       | 5 |  5.1
Dodging        | 2 |  2.2
Short Blades   | |  0.5
Stealth        | |  0.7

Action                   |  1- 3 |  4- 6 || total
-------------------------+-------+-------++-------
Melee: Short sword       |    19 |       ||    19
       Rapier            |    32 |    41 ||    73
Throw: Large rock        |    40 |     9 ||    49
       Throwing net      |     3 |       ||     3
       Stone             |     2 |     8 ||    10
 Stab: Sleeping          |       |     1 ||     1
  Eat: Ration            |       |     1 ||     1
Armor: Robe              |    47 |    31 ||    78
Dodge: Dodged            |    79 |    67 ||   146
